 Dungeon Crawl Stone Soup version 0.31-a0-662-g684573625c (webtiles) character file.

Game seed: 2358566445299768347

676 Fodor the Slasher (level 7, 0/61 HPs)
             Began as a Minotaur Fighter on Sept 1, 2023.
             Slain by an ogre
             ... wielding a +0 giant club
              (23 damage)
             ... on level 5 of the Dungeon.
             The game lasted 00:21:32 (3613 turns).

Fodor the Slasher (Minotaur Fighter)                Turns: 3613, Time: 00:21:33

Health: 0/61       AC: 11    Str: 22    XL:     7   Next: 33%
Magic:  6/6        EV:  9    Int: 11    God:
Gold:   256        SH:  9    Dex: 10    Spells: 6/6 levels left

rFire   . . .        a - +0 long sword
rCold   . . .        c - +0 buckler
rNeg    . . .        A - +0 chain mail
rPois   .            (helmet restricted)
rElec   .            (no cloak)
rCorr   .            x - +0 pair of gloves
SInv    .            (no boots)
Will    .....        s - amulet of reflection Stlth
                     g - +6 ring of intelligence
HPRegen 0.30/turn    (no ring)
MPRegen 0.10/turn

%: reflection
@: mighty, marked
A: horns 2, retaliatory headbutt
a: no special abilities


You were on level 5 of the Dungeon.
You visited 1 branch of the dungeon, and saw 5 of its levels.

You collected 256 gold pieces.

Inventory:

Hand Weapons
 a - a +0 long sword (weapon)
 l - a +0 scythe
Missiles
 j - 6 datura-tipped darts
 n - 2 javelins (quivered)
 y - 4 poisoned darts
Armour
 c - a +0 buckler (worn)
 x - a +0 pair of gloves (worn)
 A - a +0 chain mail (worn)
Jewellery
 g - a +6 ring of intelligence (left hand)
 s - an amulet of reflection (around neck)
 v - an amulet of guardian spirit
Talismans
 f - a talisman of death
Scrolls
 e - 2 scrolls of identify {unknown}
 h - 2 scrolls of enchant weapon {unknown}
 i - a scroll of fog {unknown}
 k - 2 scrolls of poison {unknown}
 o - a scroll of teleportation {unknown}
 p - a scroll of revelation {unknown}
 q - a scroll of vulnerability {unknown}
 r - a scroll of amnesia {unknown}
 u - a scroll of fear {unknown}
 w - a scroll of enchant armour {unknown}
Potions
 d - a potion of might
 m - a potion of attraction {unknown}
 t - 2 potions of curing {unknown}
 z - a potion of lignification {unknown}


   Skills:
 + Level 5.0 Fighting
 + Level 6.7 Long Blades
 + Level 5.8 Armour
 + Level 2.6 Dodging
 + Level 0.6 Stealth
 + Level 4.4 Shields


You had 6 spell levels left.
You didn't know any spells.
Your spell library contained the following spells:

 Spells                   Type           Power      Damage    Failure   Level
 Kiss of Death            Conj/Necr      0%         2d5       94%         1
 Sublimation of Blood     Necr           0%         N/A       98%         2
 Summon Ice Beast         Ice/Summ       0%         N/A       100%        4


Dungeon Overview and Level Annotations

Branches:
Dungeon (5/15)
 Temple: D:4-7

Altars:
Hepliaklqana
Okawaru
Sif Muna
Uskayaw
Xom
Zin

Shops:
D:2 [([!


Innate Abilities, Weirdness & Mutations

You have a pair of horns on your head.
You reflexively headbutt those who attack you in melee.


Message History

You feel very mighty all of a sudden. You block the hound's attack.
The ogre hits you with a +0 giant club!!
You block the black bear's attack. x3; The ogre closely misses you.
The hound completely misses you.
You slash the ogre! You headbutt the ogre!
The ogre is almost dead.
You block the black bear's attack.
The black bear claws you but does no damage.
The black bear claws you. You block the hound's attack.
You block the ogre's attack. The ogre barely misses you.
You furiously retaliate!
You headbutt the ogre!
You kill the ogre!
The black bear closely misses you. You block the black bear's attack.
The black bear barely misses you.
Your Fighting skill increases to level 5!
The hound closely misses you. The scorpion barely misses you.
The quokka bites you but does no damage.
A hound comes into view.
The hound bites you but does no damage. You block the ogre's attack.
The black bear bites you but does no damage.
The black bear barely misses you. The black bear claws you.
You see here a +0 giant club.
You barely miss the ogre. You headbutt the ogre!
The ogre is severely wounded.
You block the scorpion's attack. The quokka closely misses you.
You furiously retaliate!
You headbutt the quokka!!
You kill the quokka!
The scorpion stings you. The hound barely misses you. You furiously retaliate!
You headbutt the hound!
You kill the hound!
The black bear bites you but does no damage.
The black bear claws you but does no damage.
The black bear claws you. You block the scorpion's attack.
The scorpion barely misses you.
You barely miss the ogre.
The ogre is severely wounded.
The adder barely misses you.
The ogre hits you with a +0 giant club!!
You die...

....... #. .#
#.....##.. ..#
#....... ..#
......##..#
#........ ##....#
..##..J.######
........s†O...###.
.......hs@<.......
......##Sh#####...
...... #..# ......
##.. ..... #.##
((... #.. #.. ##.


You could see a black bear, an ogre, 2 scorpions, a hound, a jelly and an adder.

Vanquished Creatures
  Sigmund (D:3)
  A black bear (D:4)
  An ogre (D:5)
  A scorpion (D:4)
  A hound (D:5)
  A jelly (D:4)
  Jessica (D:3)
  An iguana (D:3)
  5 adders
  An ufetubus (D:4)
  3 worms
  4 dart slugs
  3 orcs (D:3)
  9 ball pythons
  4 endoplasms
  4 giant cockroaches
  14 goblins
  8 hobgoblins
  11 kobolds
  3 quokkas
  6 bats
  7 frilled lizards
  5 rats
95 creatures vanquished.

Notes
Turn   | Place    | Note
-------+----------+-------------------------------------------
     0 | D:1      | Fodor the Minotaur Fighter began the quest for the Orb.
     0 | D:1      | Reached XP level 1. HP: 19/19 MP: 0/0
     3 | D:1      | Got the Atlas of the Cold Dead
    12 | D:1      | You fall into a shaft and drop 1 floor!
   248 | D:1      | Reached XP level 2. HP: 27/27 MP: 1/1
   379 | D:1      | Found a faded altar of an unknown god.
   687 | D:1      | Reached XP level 3. HP: 33/33 MP: 2/2
   988 | D:2      | Reached skill level 3 in Long Blades
  1060 | D:2      | Found Ikeshraf's Distillery.
  1078 | D:2      | Found Dazuivuo's Armour Shop.
  1349 | D:2      | Found Lang's Antique Armour Shoppe.
  1596 | D:2      | Found Cuskeeqa's Weapon Emporium.
  1601 | D:2      | Reached XP level 4. HP: 40/40 MP: 3/3
  2032 | D:3      | Reached skill level 4 in Long Blades
  2055 | D:3      | Reached skill level 1 in Dodging
  2396 | D:3      | Noticed Sigmund
  2433 | D:3      | Killed Sigmund
  2434 | D:3      | Reached skill level 5 in Long Blades
  2434 | D:3      | Reached XP level 5. HP: 37/47 MP: 4/4
  2434 | D:3      | Reached XP level 6. HP: 42/53 MP: 5/5
  2610 | D:3      | Noticed Jessica
  2616 | D:3      | Killed Jessica
  2617 | D:3      | Reached skill level 5 in Armour
  2837 | D:4      | Reached skill level 6 in Long Blades
  2984 | D:4      | Found a hazy altar of Hepliaklqana.
  2984 | D:4      | Found an iron altar of Okawaru.
  2993 | D:4      | Found a shimmering blue altar of Sif Muna.
  2995 | D:4      | Found a hide-covered altar of Uskayaw.
  2997 | D:4      | Found a glowing silver altar of Zin.
  3120 | D:4      | Reached XP level 7. HP: 56/60 MP: 6/6
  3338 | D:4      | Found a shimmering altar of Xom.
  3594 | D:5      | Entered Level 5 of the Dungeon
  3611 | D:5      | Reached skill level 5 in Fighting
  3613 | D:5      | Slain by an ogre

Illustrated notes

Levels and vault maps discovered:
D:1:      wander_arrival_peaceful_grave, layout_loops_ring,
          shapermc_ecumenical_altar_mp_urbaneastern, serial_bayou_crossing
D:2:      layout_loops_ring, serial_shops, shop_statue, shop,
          nicolae_shop_stone, shop
D:3:      layout_basic, kennysheep_generic_room_11, uniq_jessica, uniq_sigmund
D:4:      layout_loops_cross, chequers_temple_overflow_minitemple,
          nicolae_overflow_crystal_walls
D:5:      layout_cave_pools, minmay_temple_entry_glass

Skill      XL: |  1  2  3  4  5  6  7 |
---------------+----------------------+-----
Armour         | 4 5 |  5.8
Shields        | 4 |  4.4
Fighting       | 4 5 |  5.0
Long Blades    | 3 5 6 |  6.7
Dodging        | 1 2 |  2.6
Stealth        | |  0.6

Action                     |  1- 3 |  4- 6 |  7- 9 || total
---------------------------+-------+-------+-------++-------
  Melee: Long sword        |    90 |    80 |    23 ||   193
         Headbutt          |    13 |    14 |     3 ||    30
  Throw: Javelin           |       |       |     3 ||     3
    Use: Potion            |       |     2 |     1 ||     3
 Armour: Scale mail        |    54 |    53 |       ||   107
         Chain mail        |       |     1 |    30 ||    31
  Dodge: Dodged            |    33 |    45 |    24 ||   102
  Block: Buckler           |    21 |    14 |    24 ||    59
         Reflection        |       |       |     1 ||     1
         Form:             |     1 |       |       ||     1
         Death             |     1 |       |       ||     1

Table legend: (Time is in decaauts)
 A = Elapsed time spent in this place.
 B = Non-inter-level travel time spent in this place.
 C = Inter-level travel time spent in this place.
 D = Time resting spent in this place.
 E = Time spent auto-exploring this place.
 F = Levels seen in this place.
 G = Mean time per level.
                   A        B        C        D        E       F      G
               +--------+--------+--------+--------+--------+-----+--------+
         Total |   3650 |   3522 |    128 |    183 |      0 |   5 |  730.0 |
       Dungeon |   3650 |   3522 |    128 |    183 |      0 |   5 |  730.0 |
               +--------+--------+--------+--------+--------+-----+--------+

Top non-repeatable levels by time:
     D:1: 995 daAuts
     D:3: 991 daAuts
     D:4: 830 daAuts
     D:2: 812 daAuts
     D:5: 20 daAuts
